 Dungeon Crawl Stone Soup version 0.28.0-45-g0d030f2227 (webtiles) character file.

Game seed: 8715497817386790667

128 zeratav the Insei (level 5, -4/34 HPs)
             Began as an Octopode Transmuter on Apr 10, 2022.
             Slain by an orc priest
             ... wielding a +2 trident of venom
              (9 damage)
             ... on level 3 of the Dungeon.
             The game lasted 00:02:25 (2451 turns).

zeratav the Insei (Octopode Transmuter)             Turns: 2451, Time: 00:02:26

Health: -4/34      AC:  1    Str:  9    XL:     5   Next: 12%
Magic:  7/8        EV: 13    Int: 16    God:
Gold:   88         SH:  0    Dex: 14    Spells: 7/8 levels left

rFire   . . .      SeeInvis .     - Unarmed
rCold   . . .      Faith    .   (no shield)
rNeg    . . .      Spirit   .   (helmet currently unavailable)
rPois   .          Reflect  .   (no amulet)
rElec   .          Harm     .   (no ring)
rCorr   .          Rampage  .   (no ring)
Will    .....                   (no ring)
Stlth   +++.......              (no ring)
HPRegen 0.11/turn               (no ring)
MPRegen 0.11/turn               (no ring)
                                (no ring)
                                (no ring)

@: appendages
A: tentacle spike 3, almost no armour, amphibious, 8 rings, camouflage 1,
gelatinous body 1, (nimble swimmer 1), tentacles
a: End Transformation


You were on level 3 of the Dungeon.
One of your tentacles had grown a beastly spike.
You visited 1 branch of the dungeon, and saw 3 of its levels.

You collected 88 gold pieces.


Innate Abilities, Weirdness & Mutations

One of your tentacles has grown a beastly spike.
You cannot wear most types of armour.
You are amphibious.
You can wear up to eight rings at the same time.
Your skin changes colour to match your surroundings (Stealth+).
Your rubbery body absorbs attacks. (AC +1, EV +1)
((You are camouflaged when in or above water. (Stealth+)))
You have tentacles for arms and can constrict up to eight enemies at once.


   Skills:
 + Level 2.2 Fighting
 + Level 2.8 Dodging
 + Level 2.7 Stealth
 * Level 4.2 Unarmed Combat
 - Level 2.0 Spellcasting
 - Level 2.0 Transmutations


You had 7 spell levels left.
You knew the following spells:

 Your Spells              Type           Power      Damage    Failure   Level
a - Beastly Appendage     Tmut           16%        N/A       9%          1

Your spell library contained the following spells:

 Spells                   Type           Power      Damage    Failure   Level
 Wereblood                Tmut           8%         N/A       14%         2
 Sublimation of Blood     Necr           1%         N/A       30%         2
 Spider Form              Tmut/Pois      4%         N/A       38%         3
 Ice Form                 Ice/Tmut       4%         N/A       80%         4
 Summon Hydra             Summ           0%         N/A       100%        7

Inventory:

Wands
 g - a wand of flame (13)
   (You took it off Natasha on level 2 of the Dungeon)
Scrolls
 b - a scroll of identify {unknown}
 d - a scroll of summoning {unknown}
 e - a scroll of fog {unknown}
 i - a scroll of amnesia {unknown}
 k - a scroll of vulnerability {unknown}
 l - a scroll of teleportation {unknown}
Potions
 a - a potion of curing {unknown}
 c - a potion of haste {unknown}
 f - a potion of magic {unknown}
 h - a potion of heal wounds {unknown}
 j - a potion of might {unknown}

Dungeon Overview and Level Annotations

Branches:
Dungeon (3/15)

Altars:

#.# #.#
#.. #.#
#.# #..
#.# #.#
#.# #..
#.# ###
#.# #.#
#.######
#....@.#
######)#
#o# #.#
#.# #)#
#####
#.####...#
#....o.#.#
######...#


You could see an orc priest.


Message History

One of your tentacles grows a vicious spike.
MP[-1]
You lost 1 mp, and now have 7/8 mp.
An orc comes into view. It is wielding a +0 dagger.
An orc priest and an orc come into view.
The orc priest is wielding a +2 trident of venom.
An orc comes into view. It is wielding a +0 dagger.
Found a scroll labelled HUSIYPHESIARPH.
Found a stone staircase leading up.
The orc shouts! x2; The orc priest shouts!
The orc priest closely misses you.
The orc shouts!
You barely miss the orc.
The orc shouts!
Your grab misses the orc. The orc priest barely misses you.
You barely miss the orc. Your grab misses the orc.
You pierce the orc.
The orc priest invokes the aid of Beogh against you.
Beogh smites you!
HP[-11]
You take 11 damage, and now have 23/34 hp.
MASSIVE DAMAGE!! (PAUSE)
You tentacle-slap the orc but do no damage.
You grab the orc. You squeeze the orc.
Your transformation is almost over.
You constrict the orc, but do no damage.
The orc hits you with a +0 war axe. The orc priest barely misses you.
The orc barely misses you.
HP[-4] MP[+1]
You take 4 damage, and now have 19/34 hp.
Your mp is fully restored (8).
You tentacle-slap the orc but do no damage.
You pierce the orc, but do no damage.
You constrict the orc.
You kill the orc!
The orc hits you with a +0 dagger.
* * * LOW HITPOINT WARNING * * *
The orc priest casts a cantrip, but nothing happens.
You are too injured to fight recklessly!
You are too injured to fight recklessly!
HP[-4]
You take 4 damage, and now have 15/34 hp.
You are too injured to fight recklessly!
You are too injured to fight recklessly!
You are too injured to fight recklessly!
You are too injured to fight recklessly!
You are too injured to fight recklessly!
You are too injured to fight recklessly!
You are too injured to fight recklessly!
You are too injured to fight recklessly!
You are too injured to fight recklessly!
You are too injured to fight recklessly!
You are too injured to fight recklessly!
You are too injured to fight recklessly!
The orc throws a boomerang.
The boomerang hits you.
* * * LOW HITPOINT WARNING * * *
HP[-5]
You take 5 damage, and now have 10/34 hp.
Your tentacle spike disappears.
HP[+1]
The orc hits you with a +0 dagger.
* * * LOW HITPOINT WARNING * * *
HP[-1]
You take 1 damage, and now have 10/34 hp.
HP[+1]
The orc priest looks braver for a moment.
The orc priest looks satisfied for a moment.
HP[+1]
The orc priest begins to cast a cantrip, but forgets the words!
HP[+1]
Things that are here:
a +0 short sword {short}; a +0 ring mail HP[+1]
You are too injured to fight recklessly!
Casting: Beastly Appendage (safe; 9% risk of failure)
Confirm with . or Enter, or press ? or * to list all spells.
One of your tentacles grows a vicious spike.
The orc closely misses you.
MP[-1]
You lost 1 mp, and now have 7/8 mp.
You tentacle-slap the orc. You grab the orc. You constrict the orc.
You kill the orc!
The orc hits you with a +0 dagger.
* * * LOW HITPOINT WARNING * * *
Things that are here:
a +0 dagger {short}; a +0 leather armour; an orc corpse You closely miss the orc.
Your grab misses the orc.
Your tentacle spike misses the orc.
The orc hits you with a +0 dagger.
* * * LOW HITPOINT WARNING * * *
HP[-2]
You take 2 damage, and now have 12/34 hp.
You barely miss the orc. You grab the orc.
You pierce the orc.
You constrict the orc. The orc misses you.
The orc priest hits you from afar with a +2 trident of venom!
* * * LOW HITPOINT WARNING * * *
HP[-7]
You take 7 damage, and now have 5/34 hp.
MASSIVE DAMAGE!! (PAUSE)
You tentacle-slap the orc.
You pierce the orc, but do no damage.
You constrict the orc.
You kill the orc!
The orc priest hits you from afar with a +2 trident of venom!
You die...

Skill      XL: |  1  2  3  4 |
---------------+-------------+-----
Stealth        | 1 2 |  2.7
Fighting       | 2 |  2.2
Unarmed Combat | 4 |  4.2
Dodging        | |  2.8
Spellcasting   | |  2.0
Transmutations | |  2.0

Action                   |  1- 3 |  4- 6 || total
-------------------------+-------+-------++-------
Melee: Unarmed           |    58 |    30 ||    88
       Kick              |    13 |    10 ||    23
       Constrict         |    14 |    12 ||    26
       Tentacles         |     7 |     8 ||    15
 Cast: Beastly Appendage |    25 |    14 ||    39
 Stab: Sleeping          |     9 |     3 ||    12
Armor: Skin              |     9 |     7 ||    16
Dodge: Dodged            |    27 |    20 ||    47

Levels and vault maps discovered:
D:1:      onia_arrival_handbag, layout_basic,
          shapermc_ecumenical_altar_hornbeckon
D:2:      layout_loops_ring, uniq_natasha
D:3:      layout_loops_ring, marbit_many_paths, uniq_crazy_yiuf_cottage

Notes
Turn   | Place    | Note
-------+----------+-------------------------------------------
     0 | D:1      | zeratav the Octopode Transmuter began the quest for the
                  | Orb.
     0 | D:1      | Reached XP level 1. HP: 13/13 MP: 3/3
     0 | D:1      | magus.rc [v1.9.6]
   411 | D:1      | Reached XP level 2. HP: 18/18 MP: 3/5
   452 | D:1      | Reached skill level 1 in Stealth
   505 | D:1      | You pick up a book of Blood and begin reading...
   505 | D:1      | You add the spells Sublimation of Blood and Summon Hydra to
                  | your library.
   768 | D:1      | Found a faded altar of an unknown god.
  1098 | D:2      | Reached XP level 3. HP: 23/23 MP: 4/6
  1444 | D:2      | Noticed Natasha
  1454 | D:2      | Killed Natasha
  1455 | D:2      | Reached skill level 2 in Stealth
  1455 | D:2      | Reached XP level 4. HP: 18/29 MP: 7/7
  1627 | D:2      | Noticed Natasha
  1629 | D:2      | Killed Natasha
  1630 | D:2      | Reached skill level 2 in Fighting
  1630 | D:2      | Reached skill level 4 in Unarmed Combat
  1737 | D:2      | Noticed Natasha
  1744 | D:2      | Killed Natasha
  1932 | D:2      | Reached XP level 5. HP: 33/34 MP: 6/8
  2450 | D:3      | HP: 5/34 [orc priest/+2 trident of venom (7)]
  2451 | D:3      | Slain by an orc priest

Vanquished Creatures
  Natasha (thrice) (D:2)
  An adder (D:2)
  4 orcs (D:3)
  4 endoplasms
  A giant cockroach (D:2)
  4 goblins
  4 hobgoblins
  A quokka (D:1)
  3 ball pythons
  10 bats
  3 frilled lizards
  A kobold (D:1)
  3 rats
42 creatures vanquished.

Table legend:
 A = Non-vault XP
 B = Vault XP
 C = Vault XP percentage of total XP
 D = Non-vault monster count
 E = Vault monster count
 F = Vault count percentage of total count
                 A         B        C        D         E       F
            +---------+---------+-------+---------+---------+-------
      Total |     146 |      41 |  21.9 |      37 |       5 |  11.9
            +---------+---------+-------+---------+---------+-------
        D:1 |      19 |       5 |  20.8 |      12 |       4 |  25.0
        D:2 |     109 |      36 |  24.8 |      17 |       1 |   5.6
        D:3 |      18 |       0 |   0.0 |       8 |       0 |   0.0
            +---------+---------+-------+---------+---------+-------

Illustrated notes

Table legend:
 A = Kills in this place as a percentage of kills in entire the game.
 B = Kills by you in this place as a percentage of kills by you in the entire game.
 C = Kills by friends in this place as a percentage of kills by friends in the entire game.
 D = Other kills in this place as a percentage of other kills in the entire game.
 E = Experience gained in this place as a percentage of experience gained in the entire game.
 F = Experience gained in this place divided by the number of levels of this place that you have seen.
                   A       B       C       D       E      F
               +-------+-------+-------+-------+-------+----------------------
         Total | 100.0 | 100.0 |   N/A |   N/A | 100.0 |  62.3
       Dungeon | 100.0 | 100.0 |   N/A |   N/A | 100.0 |  62.3
               +-------+-------+-------+-------+-------+----------------------

Table legend: (Time is in decaauts)
 A = Elapsed time spent in this place.
 B = Non-inter-level travel time spent in this place.
 C = Inter-level travel time spent in this place.
 D = Time resting spent in this place.
 E = Time spent auto-exploring this place.
 F = Levels seen in this place.
 G = Mean time per level.
                   A        B        C        D        E       F      G
               +--------+--------+--------+--------+--------+-----+--------+
         Total |   2443 |   2377 |     66 |      0 |   2013 |   3 |  814.3 |
       Dungeon |   2443 |   2377 |     66 |      0 |   2013 |   3 |  814.3 |
               +--------+--------+--------+--------+--------+-----+--------+

Top non-repeatable levels by time:
     D:2: 1205 daAuts
     D:1: 865 daAuts
     D:3: 373 daAuts
